 Dungeon Crawl Stone Soup version 0.27-a0-1196-g3e9cee4cb2 (webtiles) character file.

Game seed: 12153505227605754300

312 tsouns the Skirmisher (level 6, -1/51 HPs)
             Began as a Formicid Abyssal Knight on May 28, 2021.
             Was a Priest of Lugonu.
             Slain by a wight
             ... wielding a +1 flail
              (5 damage)
             ... on level 4 of the Dungeon.
             The game lasted 00:05:46 (4789 turns).

tsouns the Skirmisher (Formicid Abyssal Knight)     Turns: 4789, Time: 00:05:47

Health: -1/51      AC:  4    Str: 16    XL:     6   Next: 70%
Magic:  8/8        EV: 11    Int: 12    God:    Lugonu [***...]
Gold:   105        SH:  0    Dex: 10    Spells: 3/5 levels left

rFire    . . .     SeeInvis +   a - +1 falchion
rCold    . . .     Faith    +   (no shield)
rNeg     + + +     Spirit   .   b - +0 leather armour
rPois    .         Reflect  .   (helmet unavailable)
rElec    +         Harm     .   j - +0 cloak
rCorr    .         Rampage  .   (no gloves)
Will     +....                  (no boots)
Stlth    +.........             l - amulet "Yqihac" {Faith rElec rN+++ Will+ Int-2}
HPRegen  0.17/turn              (no ring)
MPRegen  0.11/turn              (no ring)

@: no status effects
A: permanent stasis, dig shafts and tunnels, antennae 3, four strong arms
a: Dig, Shaft Self, Renounce Religion, Depart the Abyss, Bend Space, Banish


You were on level 4 of the Dungeon.
You worshipped Lugonu.
Lugonu was most pleased with you.
You visited 1 branch of the dungeon, and saw 4 of its levels.
You visited the Abyss 1 time.

You collected 220 gold pieces.
You spent 115 gold pieces at shops.

Inventory:

Hand Weapons
 a - a +1 falchion (weapon)
Armour
 b - a +0 leather armour (worn)
 j - a +0 cloak (worn)
Jewellery
 l - the amulet "Yqihac" (around neck) {Faith rElec rN+++ Will+ Int-2}
   (You bought it in a shop on level 4 of the Dungeon)

   [amulet of faith]

   It allows you to gain divine favour quickly.
   It affects your intelligence (-2).
   It insulates you from electricity.
   It renders you almost immune to negative energy.
   It increases your willpower.
 m - an amulet of guardian spirit
 n - an amulet of magic regeneration
Wands
 k - a wand of flame (21)
Scrolls
 e - a scroll of teleportation {unknown}
 g - a scroll of blinking {unknown}
 i - a scroll of enchant weapon {unknown}
Potions
 d - a potion of haste
 f - a potion of flight {unknown}


   Skills:
 + Level 5.1 Fighting
 + Level 3.9 Long Blades
 - Level 2.1 Armour
 - Level 0.8 Dodging
 + Level 2.2 Transmutations
 + Level 2.5 Earth Magic
 - Level 3.0 Invocations


You had 3 spell levels left.
You knew the following spells:

 Your Spells              Type           Power      Damage    Failure   Level
a - Passwall              Tmut/Erth      4%         N/A       24%         2

Your spell library contained the following spells:

 Spells                   Type           Power      Damage    Failure   Level
 Sandblast                Erth           12%        2d6       14%         1
 Stone Arrow              Conj/Erth      6%         3d7       58%         3
 Petrify                  Tmut/Erth      5%         N/A       83%         4
 Lee's Rapid Deconstruct  Erth           3%         3d6*      98%         5


Dungeon Overview and Level Annotations

Branches:
Dungeon (4/15)
 Temple: D:4-7

Altars:
Elyvilon
Gozag
Hepliaklqana
Nemelex Xobeh

Shops:
D:4 *


Innate Abilities, Weirdness & Mutations

You cannot be hasted, slowed, berserked, paralysed or teleported.
You can dig through walls and to a lower floor.
You have a pair of large antennae on your head. (SInv)
Your four strong arms can wield two-handed weapons with a shield.


Message History

The wight barely misses you.
You hit the wight.
The wight is severely damaged.
The wight hits you with a +4 flail of freezing!
The wight freezes you.
You hit the wight but do no damage.
The wight is severely damaged.
The wight hits you with a +4 flail of freezing.
The wight freezes you.
You hit the wight.
You destroy the wight!
Lugonu accepts your kill.
Things that are here:
a +4 flail of freezing; a +0 robe of fire resistance A scorpion and a wight come into view.
The wight moves out of view.
Things that are here:
a +4 flail of freezing; a +0 robe of fire resistance
Aiming: Throw Flame
Press: ? - help, Shift-Dir - straight line, f - scorpion
Aim: a scorpion (68% to hit)
The puff of flame hits the wight but does no damage.
You closely miss the wight. The wight barely misses you.
You completely miss the wight. The wight closely misses you.
You hit the wight but do no damage. The wight completely misses you.
You hit the wight but do no damage. The wight hits you with a +1 flail.
You closely miss the wight. The wight hits you with a +1 flail!
You hit the wight.
The wight is lightly damaged.
The wight hits you with a +1 flail. The wight hits you with a +1 flail!
You slash the wight!
The wight is severely damaged.
The wight hits you with a +1 flail!
* * * LOW HITPOINT WARNING * * *
Are you sure you want to shaft yourself?
The wight hits you with a +1 flail!
* * * LOW HITPOINT WARNING * * *
You begin to dig a shaft.
You continue digging a shaft.
The wight hits you with a +1 flail.
You die...

#..# ##......... ######### ##.#
........... ........# #.#
####..... ........# #.## #..###
...)....# #..# ##..## ........#
##)### ##.# .....)..# #..s# #.#
........### ###z# #.#
..........#####@#### ### #.#
........#..........# ##.# #.##
........########.#.###)## #..#
........########.#...##.######..
#######...#..........).......#..
###...........########....
###.........# #..†. #.........#
#.... #.........# #....


You could see a scorpion and a wight.

Vanquished Creatures
  A wight (D:4)
  A hound (D:3)
  Crazy Yiuf (D:3)
  A jelly (D:3)
  7 adders
  An adder skeleton (D:4)
  2 worms
  3 dart slugs
  3 orcs (D:4)
  10 ball pythons
  4 endoplasms
  5 giant cockroaches
  3 goblins
  5 hobgoblins
  9 jackals
  5 quokkas
  4 bats
  5 frilled lizards
  3 kobolds
  6 rats
79 creatures vanquished.

Notes
Turn   | Place    | Note
-------+----------+-------------------------------------------
     0 | Abyss:1  | tsouns the Formicid Abyssal Knight began the quest for the
                  | Orb.
     0 | Abyss:1  | Reached XP level 1. HP: 18/18 MP: 2/2
    17 | D:1      | Escaped the Abyss
   166 | D:1      | Found a faded altar of an unknown god.
   219 | D:1      | Reached XP level 2. HP: 24/24 MP: 3/3
   685 | D:1      | Reached XP level 3. HP: 23/30 MP: 5/5
  1440 | D:2      | Reached ** piety under Lugonu
  1558 | D:2      | Reached skill level 4 in Fighting
  1837 | D:2      | Reached XP level 4. HP: 11/37 MP: 6/6
  2543 | D:3      | Learned a level 2 spell: Passwall
  2632 | D:3      | Reached XP level 5. HP: 26/43 MP: 7/7
  2765 | D:3      | Found an opulent altar of Gozag.
  2810 | D:3      | Reached skill level 1 in Earth Magic
  2900 | D:3      | Reached skill level 1 in Transmutations
  3239 | D:3      | Found a runed translucent door.
  3240 | D:3      | Noticed Crazy Yiuf
  3255 | D:3      | Killed Crazy Yiuf
  3518 | D:3      | Reached XP level 6. HP: 50/50 MP: 8/8
  3669 | D:3      | Found a sparkling altar of Nemelex Xobeh.
  3777 | D:3      | Found a white marble altar of Elyvilon.
  3777 | D:3      | Found a hazy altar of Hepliaklqana.
  3861 | D:4      | Found Monim's Assorted Antiques.
  3864 | D:4      | Bought a bound lead amulet for 115 gold pieces
  3864 | D:4      | Identified the amulet "Yqihac" {Faith rElec rN+++ Will+
                  | Int-2} (You bought it in a shop on level 4 of the Dungeon)
  4017 | D:4      | Reached *** piety under Lugonu
  4172 | D:4      | Reached skill level 5 in Fighting
  4789 | D:4      | Slain by a wight

Illustrated notes

Levels and vault maps discovered:
D:1:      dpeg_arrival_pits, layout_rooms, serial_bayou, serial_bayou_lagoon_a,
          serial_bayou_shore_b, serial_bayou_pond_a, serial_bayou_pond_c,
          chequers_ecumenical_altar_simple_redux, minmay_distorted
D:2:      wander_river, layout_loops_corners
D:3:      layout_loops_ring, old_standard_altar, minitemple,
          uniq_crazy_yiuf_cottage
D:4:      layout_rooms, serial_shops, nicolae_shop_behind_doors

Skill      XL: |  1  2  3  4  5  6 |
---------------+-------------------+-----
Invocations    | 3 |  3.0
Fighting       | 4 5 |  5.1
Long Blades    | 3 |  3.9
Earth Magic    | 1 2 |  2.5
Transmutations | 1 2 |  2.2
Armour         | |  2.1
Dodging        | |  0.8

Action                   |  1- 3 |  4- 6 || total
-------------------------+-------+-------++-------
Melee: Falchion          |    95 |   193 ||   288
Invok: Banish            |       |     1 ||     1
 Abil: Dig               |       |     6 ||     6
       Shaft Self        |       |     1 ||     1
Evoke: Wand              |       |     1 ||     1
  Use: Scroll            |       |     4 ||     4
       Potion            |       |     5 ||     5
 Stab: Invisible         |       |     1 ||     1
Armor: Leather armour    |    19 |    43 ||    62
       Skin              |       |     2 ||     2
Dodge: Dodged            |    59 |   104 ||   163
       Rpst.: Falchion   |    21 |    26 ||    47

Table legend: (Time is in decaauts)
 A = Elapsed time spent in this place.
 B = Non-inter-level travel time spent in this place.
 C = Inter-level travel time spent in this place.
 D = Time resting spent in this place.
 E = Time spent auto-exploring this place.
 F = Levels seen in this place.
 G = Mean time per level.
                   A        B        C        D        E       F      G
               +--------+--------+--------+--------+--------+-----+--------+
         Total |   4870 |   4756 |    114 |      0 |   4069 |   5 |  974.0 |
       Dungeon |   4853 |   4739 |    114 |      0 |   4060 |   4 | 1213.2 |
         Abyss |     17 |     17 |      0 |      0 |      9 |   1 |   17.0 |
               +--------+--------+--------+--------+--------+-----+--------+

Top non-repeatable levels by time:
     D:2: 1563 daAuts
     D:3: 1321 daAuts
     D:1: 1005 daAuts
     D:4: 962 daAuts
 Abyss:1: 17 daAuts
